 Dungeon Crawl Stone Soup version 0.27-a0-808-g60bc5d92e6 (webtiles) character file.

Game seed: 5831258848359642895

26 wakim the Sneak (level 2, 0/13 HPs)
             Began as a Spriggan Enchanter on Mar 28, 2021.
             Slain by a jackal (2 damage)
             ... on level 1 of the Dungeon.
             The game lasted 00:04:04 (893 turns).

wakim the Sneak (Spriggan Enchanter)                 Turns: 893, Time: 00:04:05

Health: 0/13       AC:  2    Str:  4    XL:     2   Next: 89%
Magic:  2/6        EV: 18    Int: 16    God:
Gold:   39         SH:  0    Dex: 15    Spells: 3/6 levels left

rFire    . . .     SeeInvis +   a - +1 dagger {short}
rCold    . . .     Faith    .   (shield restricted)
rNeg     . . .     Spirit   .   b - +0 robe
rPois    .         Reflect  .   (helmet restricted)
rElec    .         Harm     .   (no cloak)
rCorr    .         Rampage  .   (gloves unavailable)
Will     .....                  (boots unavailable)
Stlth    +++.......             g - amulet of magic regeneration {@e2}
HPRegen  0.04/turn              (no ring)
MPRegen  0.35/turn              (no ring)

@: very slightly contaminated, very quick
A: very small, no large weapons, unfitting armour, see invisible, speed 3
a: no special abilities


You were on level 1 of the Dungeon.
You visited 1 branch of the dungeon, and saw 1 of its levels.

You collected 39 gold pieces.


Innate Abilities, Weirdness & Mutations

You are very small and have problems with some larger weapons.
You are too small for most types of armour.
You have supernaturally acute eyesight. (SInv)
You cover ground extremely quickly. (Speed+++)


   Skills:
 + Level 1.8 Short Blades
 * Level 3.8 Dodging
 + Level 4.9 Stealth
 - Level 2.6 Spellcasting
 - Level 3.6 Hexes


You had 3 spell levels left.
You knew the following spells:

 Your Spells              Type           Power      Damage    Failure   Level
a - Corona                Hex            14%        N/A       4%          1
g - Ensorcelled Hibernat  Hex/Ice        14%        N/A       14%         2

Your spell library contained the following spells:

 Spells                   Type           Power      Damage    Failure   Level
 Confusing Touch          Hex            13%        N/A       13%         3
 Tukima's Dance           Hex            13%        N/A       13%         3
 Dazzling Flash           Conj/Hex       14%        N/A       28%         3

Inventory:

Hand Weapons
 a - a +1 dagger (weapon) {short}
Missiles
 s - 7 stones {throwing}
Armour
 b - a +0 robe (worn)
Jewellery
 g - an amulet of magic regeneration (around neck) {@e2}
   (You found it on level 1 of the Dungeon)
Scrolls
 c - a scroll of identify {unknown}
 d - a scroll of fog {unknown}
 e - a scroll of brand weapon {unknown}
 f - a scroll of amnesia {unknown}

Dungeon Overview and Level Annotations

Branches:
Dungeon (1/15)

Altars:

Shops:
D:1

[* #.#.# ###......
#.#.# #.#####
#.#.# #.# #.#h#
#.# #h#.# #.#
#####.#.#####.#
#####.##.#.##....#
#.'โˆฉ#hh..#โ€
##.####
#.###@####รท##.#
#.###h###...#.#
#.....##.#.#..#
#####.#.##.##.#
#.##.#.#..# #โ€
###...#.#
#.##...##.#
#.##.####.#
....h...##.# #.#


You could see 3 jackals.


Message History

Confirm with . or Enter, or press ? or * to list all spells.
Aiming: Ensorcelled Hibernation (safe; 14% risk of failure)
Press: ? - help, Shift-Dir - straight line, f/p - jackal
Aim: a jackal (chance to affect: 56%)
The jackal resists with significant effort. ๐Ÿ˜• MP[-2]
You lost 2 mp, and now have 3/6 mp.
Casting: Ensorcelled Hibernation (safe; 14% risk of failure)
Confirm with . or Enter, or press ? or * to list all spells.
Aiming: Ensorcelled Hibernation (safe; 14% risk of failure)
Press: ? - help, Shift-Dir - straight line, f/p - jackal
Aim: a jackal (chance to affect: 56%)
The jackal resists with significant effort.
The jackal barely misses you. ๐Ÿ˜• MP[-1]
You lost 1 mp, and now have 2/6 mp.
Casting: Ensorcelled Hibernation (safe; 14% risk of failure)
Confirm with . or Enter, or press ? or * to list all spells.
Aiming: Ensorcelled Hibernation (safe; 14% risk of failure)
Press: ? - help, Shift-Dir - straight line, f/p - jackal
Aim: a jackal (chance to affect: 56%)
The jackal resists with significant effort.
The jackal closely misses you. The jackal misses you. ๐Ÿ˜• MP[-2]
You lost 2 mp, and now have 0/6 mp.
You closely miss the jackal.
The jackal barely misses you. ๐Ÿ˜• HP[+1]
You hit the jackal.
The jackal barely misses you. ๐Ÿ˜• MP[+1]
You miss the jackal. The jackal closely misses you.
You hit the jackal. The jackal closely misses you.
The jackal bites you. ๐Ÿ˜• HP[-1]
You take 1 damage, and now have 11/13 hp.
You barely miss the jackal.
The jackal bites you but does no damage. ๐Ÿ˜• MP[+1]
You barely miss the jackal. The jackal closely misses you.
You barely miss the jackal. The jackal completely misses you.
You closely miss the jackal.
The jackal closely misses you. x2 ๐Ÿ˜• MP[+1]
You hit the jackal but do no damage. The jackal misses you.
You closely miss the jackal. The jackal bites you. ๐Ÿ˜• HP[-1]
You take 1 damage, and now have 10/13 hp. ๐Ÿ˜• MP[+1] ๐Ÿ˜• MP[+1]
The jackal barks!
Okay, then.
Casting: Ensorcelled Hibernation (safe; 14% risk of failure)
Confirm with . or Enter, or press ? or * to list all spells.
Aiming: Ensorcelled Hibernation (safe; 14% risk of failure)
Press: ? - help, Shift-Dir - straight line, f - jackal, p - jackal
Aim: a jackal (chance to affect: 56%)
You miscast Ensorcelled Hibernation.
You are very lightly contaminated with residual magic.
Nothing appears to happen.
The jackal completely misses you. ๐Ÿ˜• MP[-2]
You lost 2 mp, and now have 3/6 mp.
Casting: Ensorcelled Hibernation (safe; 14% risk of failure)
Confirm with . or Enter, or press ? or * to list all spells.
Aiming: Ensorcelled Hibernation (safe; 14% risk of failure)
Press: ? - help, Shift-Dir - straight line, f/p - jackal
Aim: a jackal (chance to affect: 56%)
The jackal resists with significant effort.
The jackal barely misses you. The jackal closely misses you.
The jackal barely misses you. ๐Ÿ˜• MP[-1]
You lost 1 mp, and now have 2/6 mp.
You hit the jackal. The jackal misses you. The jackal bites you.
The jackal closely misses you. The jackal misses you. ๐Ÿ˜ฎ HP[-1]
You take 1 damage, and now have 9/13 hp.
You barely miss the jackal. The jackal barely misses you.
The jackal misses you. The jackal bites you. ๐Ÿ˜ฎ HP[-2]
You take 2 damage, and now have 7/13 hp.
You hit the jackal.
The jackal bites you but does no damage.
The jackal closely misses you. x2; The jackal misses you.
The jackal bites you.
* * * LOW HITPOINT WARNING * * *
๐Ÿ˜จ HP[-1] MP[+1]
You take 1 damage, and now have 6/13 hp.
You closely miss the jackal. The jackal misses you. The jackal bites you.
* * * LOW HITPOINT WARNING * * *
The jackal closely misses you.
The jackal barely misses you. ๐Ÿ˜จ HP[-2]
You take 2 damage, and now have 4/13 hp.
You hit the jackal but do no damage. The jackal misses you. x2
The jackal bites you.
* * * LOW HITPOINT WARNING * * *
๐Ÿ˜ฑ HP[-2]
You take 2 damage, and now have 2/13 hp.
Casting: Ensorcelled Hibernation (safe; 14% risk of failure)
Confirm with . or Enter, or press ? or * to list all spells.
Aiming: Ensorcelled Hibernation (safe; 14% risk of failure)
Press: ? - help, Shift-Dir - straight line, f/p - jackal
Aim: a jackal (heavily wounded, chance to affect: 56%)
The jackal resists with significant effort.
The jackal barely misses you. The jackal bites you.
You die...

Skill      XL: |  1 |
---------------+----+-----
Dodging        | 3 |  3.8
Short Blades   | |  1.8
Stealth        | |  4.9
Spellcasting   | |  2.6
Hexes          | |  3.6

Action                   || total
-------------------------++-------
Melee: Dagger            ||    64
 Cast: Corona            ||     9
       Ensorcelled Hiber ||    23
 Stab: Sleeping          ||     9
Armor: Robe              ||    10
Dodge: Dodged            ||    83

Levels and vault maps discovered:
D:1:      denvon_arrival_planthouse, layout_loops_ring, serial_shops,
          nicolae_shop_window_shopping, nicolae_shop_stone,
          nicolae_shop_waterfront, shop, shop

Notes
Turn   | Place    | Note
-------+----------+-------------------------------------------
     0 | D:1      | wakim the Spriggan Enchanter began the quest for the Orb.
     0 | D:1      | Reached XP level 1. HP: 9/9 MP: 5/5
     0 | D:1      | magus.rc [v1.9.6]
   180 | D:1      | Reached skill level 3 in Dodging
   215 | D:1      | Reached XP level 2. HP: 13/13 MP: 4/6
   278 | D:1      | Learned a level 2 spell: Ensorcelled Hibernation
   464 | D:1      | Found Mebbom's Assorted Antiques.
   608 | D:1      | Found Oguowk's Antique Armour Shoppe.
   892 | D:1      | HP: 2/13 [jackal (2)]
   893 | D:1      | Slain by a jackal

Vanquished Creatures
  A dart slug (D:1)
  2 endoplasms (D:1)
  3 goblins (D:1)
  4 hobgoblins (D:1)
  4 jackals (D:1)
  2 kobolds (D:1)
  2 ball pythons (D:1)
  2 bats (D:1)
20 creatures vanquished.

Table legend:
 A = Non-vault XP
 B = Vault XP
 C = Vault XP percentage of total XP
 D = Non-vault monster count
 E = Vault monster count
 F = Vault count percentage of total count
                 A         B        C        D         E       F
            +---------+---------+-------+---------+---------+-------
      Total |      38 |       0 |   0.0 |      20 |       0 |   0.0
            +---------+---------+-------+---------+---------+-------
        D:1 |      38 |       0 |   0.0 |      20 |       0 |   0.0
            +---------+---------+-------+---------+---------+-------

Illustrated notes

Table legend:
 A = Kills in this place as a percentage of kills in entire the game.
 B = Kills by you in this place as a percentage of kills by you in the entire game.
 C = Kills by friends in this place as a percentage of kills by friends in the entire game.
 D = Other kills in this place as a percentage of other kills in the entire game.
 E = Experience gained in this place as a percentage of experience gained in the entire game.
 F = Experience gained in this place divided by the number of levels of this place that you have seen.
                   A       B       C       D       E      F
               +-------+-------+-------+-------+-------+----------------------
         Total | 100.0 | 100.0 |   N/A |   N/A | 100.0 |  38.0
       Dungeon | 100.0 | 100.0 |   N/A |   N/A | 100.0 |  38.0
               +-------+-------+-------+-------+-------+----------------------

Table legend: (Time is in decaauts)
 A = Elapsed time spent in this place.
 B = Non-inter-level travel time spent in this place.
 C = Inter-level travel time spent in this place.
 D = Time resting spent in this place.
 E = Time spent auto-exploring this place.
 F = Levels seen in this place.
 G = Mean time per level.
                   A        B        C        D        E       F      G
               +--------+--------+--------+--------+--------+-----+--------+
         Total |    731 |    731 |      0 |    241 |    237 |   1 |  731.0 |
       Dungeon |    731 |    731 |      0 |    241 |    237 |   1 |  731.0 |
               +--------+--------+--------+--------+--------+-----+--------+

Top non-repeatable levels by time:
     D:1: 731 daAuts
